[Event "CIS Master Groups 2024"]
[Site "Vasto"]
[Date "2024.04.13"]
[Round "8.19"]
[White "Sedina, Elena"]
[Black "Lezzerini, Marco"]
[Result "1-0"]
[ECO "B22"]
[WhiteElo "2190"]
[BlackElo "2110"]
[Annotator "RC"]
[PlyCount "125"]
[EventDate "2024.04.07"]
[EventType "team-tourn"]
[EventCountry "ITA"]
[SourceTitle "playchess.com"]
[Source "ChessBase"]
[SourceQuality "1"]
[TimeControl "40/5400+30:900+30"]

1. e4 c5 2. Nf3 e6 3. c3 Nf6 4. e5 Nd5 5. a3 Be7 6. d4 cxd4 7. c4 Nc7 8. Qxd4 O-O 9. Bd3 f5 10. exf6 Bxf6 11. Qe4 g6 12. Nc3 d5 13. Qe2 Nc6 14. Bh6 Rf7 15. h4 Nd4 16. Nxd4 Bxd4 17. Bg5 Qd6 18. O-O Bd7 19. Be3 Bxe3 20. Qxe3 Raf8 21. Ne2 Bc6 22. Rad1 Qe7 23. Qg3 dxc4 24. Bxc4 Qc5 25. Rd4 Nd5 26. Qe5 Qe7 27. Bxd5 Bxd5 28. Nf4 Rf5 29. Nxd5 Qf7 30. Nf6+ Rxf6 31. f3 Rf5 32. Qe4 Qf6 33. Re1 Re8 34. Rd7 Rf4 35. Qxb7 Qxh4 36. Red1 Ref8 37. Qb3 Rxf3 38. Qxe6+ Kh8 39. Qe5+ R3f6 40. Rf1 Kg8 41. Qd5+ Kh8 42. Qe5 Kg8 43. Rxf6 Qxf6 44. Qxf6 Rxf6 45. Rxa7 Rb6 46. b4 h5 47. Kf2 Rb5 48. Ra5 Rb7 49. b5 Kf7 50. a4 Ke6 51. Ra6+ Kf5 52. b6 h4 53. a5 Rd7 54. Ra7 Rd2+ 55. Kf3 Rd3+ 56. Ke2 Rg3 57. Kf2 Rb3 58. Rf7+ Kg4 59. b7 Rb2+ 60. Ke3 Kg3 61. a6 Rb3+ 62. Kd4 Kxg2 63. a7 1-0

[Event "CIS Master Groups 2024"]
[Site "Vasto"]
[Date "2024.04.13"]
[Round "8.21"]
[White "Zwirs, Nico"]
[Black "Jianu, Vlad-Cristian"]
[Result "1/2-1/2"]
[ECO "B15"]
[WhiteElo "2480"]
[BlackElo "2491"]
[Annotator "RC"]
[PlyCount "36"]
[EventDate "2024.04.07"]
[EventType "team-tourn"]
[EventCountry "ITA"]
[SourceTitle "playchess.com"]
[Source "ChessBase"]
[SourceQuality "1"]
[TimeControl "40/5400+30:900+30"]

1. e4 c6 2. d4 d5 3. Nc3 dxe4 4. Nxe4 Nf6 5. Nxf6+ exf6 6. Be3 Bd6 7. Bd3 O-O 8. Ne2 Re8 9. O-O Nd7 10. Re1 Nf8 11. c3 Qc7 12. Ng3 Be6 13. Qh5 Rad8 14. a3 a6 15. b4 b5 16. a4 Ng6 17. Ne4 Bd5 18. Nxd6 Qxd6 1/2-1/2

[Event "CIS Master Groups 2024"]
[Site "Vasto"]
[Date "2024.04.13"]
[Round "8.22"]
[White "Yao, Stefano"]
[Black "Loiacono, Leonardo"]
[Result "1-0"]
[ECO "D45"]
[WhiteElo "2289"]
[BlackElo "2309"]
[Annotator "RC"]
[PlyCount "167"]
[EventDate "2024.04.07"]
[EventType "team-tourn"]
[EventCountry "ITA"]
[SourceTitle "playchess.com"]
[Source "ChessBase"]
[SourceQuality "1"]
[TimeControl "40/5400+30:900+30"]

1. d4 e6 2. Nf3 Nf6 3. c4 d5 4. Nc3 c6 5. e3 Nbd7 6. Qc2 b6 7. Bd3 Bb7 8. O-O Be7 9. b3 dxc4 10. Bxc4 O-O 11. Rd1 c5 12. d5 exd5 13. Nxd5 Nxd5 14. Bxd5 Qc7 15. Bb2 Bf6 16. h4 Bxb2 17. Qxb2 Nf6 18. Bxb7 Qxb7 19. Rd3 Rad8 20. Rad1 Rxd3 21. Rxd3 b5 22. Qe5 c4 23. Rd1 Re8 24. Qd4 cxb3 25. axb3 a5 26. Qc3 Qb6 27. Nd4 Ne4 28. Qc6 Qxc6 29. Nxc6 g5 30. hxg5 Ra8 31. Ra1 a4 32. Nd4 Nc3 33. bxa4 Rxa4 34. Rc1 Rc4 35. Kf1 b4 36. Ke1 Rc5 37. f4 Kg7 38. Rc2 Ra5 39. Kd2 Ra1 40. Kd3 Nd5 41. Nf5+ Kg6 42. g4 h5 43. gxh6 b3 44. Rb2 Rg1 45. Kd4 Nc7 46. Ne7+ Kxh6 47. g5+ Kg7 48. Rxb3 Ne6+ 49. Ke5 Ra1 50. Nd5 Ra4 51. Rc3 Ra8 52. e4 Re8 53. Nf6 Ra8 54. Rh3 Ra5+ 55. Nd5 Ra4 56. Rg3 Nc5 57. Re3 Ne6 58. g6 Nd8 59. gxf7 Nxf7+ 60. Ke6 Ra6+ 61. Kf5 Nh6+ 62. Kg5 Nf7+ 63. Kg4 Ra5 64. Rd3 Ra4 65. Nc3 Ra5 66. Rg3 Kf8 67. Re3 Nh6+ 68. Kf3 Rh5 69. Kg3 Ra5 70. Rd3 Nf7 71. Rd5 Ra1 72. Nd1 Ra4 73. Kf3 Ra3+ 74. Ne3 Ke7 75. e5 Nd8 76. f5 Nc6 77. Rc5 Kd7 78. Ke4 Ra4+ 79. Nc4 Nd8 80. Kd5 Ra6 81. Nd6 Ke7 82. Rc7+ Kf8 83. e6 Ra5+ 84. Ke4 1-0

[Event "CIS Master Groups 2024"]
[Site "Vasto"]
[Date "2024.04.13"]
[Round "8.23"]
[White "Damia, Angelo"]
[Black "Pitica, Silviu Valentin"]
[Result "1/2-1/2"]
[ECO "C28"]
[WhiteElo "2234"]
[BlackElo "2228"]
[Annotator "RC"]
[PlyCount "41"]
[EventDate "2024.04.07"]
[EventType "team-tourn"]
[EventCountry "ITA"]
[SourceTitle "playchess.com"]
[Source "ChessBase"]
[SourceQuality "1"]
[TimeControl "40/5400+30:900+30"]

1. e4 e5 2. Bc4 Nf6 3. d3 Nc6 4. Nc3 Na5 5. Qf3 Nxc4 6. dxc4 d6 7. h3 c6 8. Bg5 h6 9. Bxf6 Qxf6 10. Qxf6 gxf6 11. Nge2 f5 12. f4 Be6 13. exf5 Bxf5 14. O-O-O exf4 15. Nxf4 O-O-O 16. g4 Bh7 17. Rhe1 Bg7 18. Ne4 Be5 19. Nd3 Bg7 20. Nf4 Be5 21. Nd3 1/2-1/2

[Event "CIS Master Groups 2024"]
[Site "Vasto"]
[Date "2024.04.13"]
[Round "8.24"]
[White "Davi, Alessandro"]
[Black "Stromboli, Carlo"]
[Result "0-1"]
[ECO "D03"]
[WhiteElo "2210"]
[BlackElo "2192"]
[Annotator "RC"]
[PlyCount "64"]
[EventDate "2024.04.07"]
[EventType "team-tourn"]
[EventCountry "ITA"]
[SourceTitle "playchess.com"]
[Source "ChessBase"]
[SourceQuality "1"]
[TimeControl "40/5400+30:900+30"]

1. d4 Nf6 2. Nf3 e6 3. Bg5 d5 4. Nbd2 Nbd7 5. e3 Bd6 6. c4 c6 7. Bd3 dxc4 8. Nxc4 Bb4+ 9. Ke2 Be7 10. a3 c5 11. Rc1 cxd4 12. Nxd4 O-O 13. Bf4 Nd5 14. Bg3 N7b6 15. Nxb6 Qxb6 16. Qc2 h6 17. Qb3 Qxb3 18. Nxb3 Bf6 19. e4 Nb6 20. Rc2 Bd7 21. Na5 Rac8 22. Rxc8 Rxc8 23. e5 Be7 24. f3 Na4 25. Nxb7 Nxb2 26. Nd6 Rc3 27. Bb5 Rc2+ 28. Ke3 Bxd6 29. exd6 Bxb5 30. Rb1 f6 31. Be1 e5 32. Bb4 Re2# 0-1

[Event "CIS Master Groups 2024"]
[Site "Vasto"]
[Date "2024.04.13"]
[Round "9.1"]
[White "Dardha, Daniel"]
[Black "Saric, Ivan"]
[Result "0-1"]
[ECO "E73"]
[WhiteElo "2630"]
[BlackElo "2670"]
[Annotator "RC"]
[PlyCount "168"]
[EventDate "2024.04.07"]
[EventType "team-tourn"]
[EventCountry "ITA"]
[SourceTitle "playchess.com"]
[Source "ChessBase"]
[SourceQuality "1"]
[TimeControl "40/5400+30:900+30"]

1. d4 Nf6 2. c4 g6 3. h4 Bg7 4. Nc3 d6 5. e4 h5 6. Be2 O-O 7. Bg5 a6 8. Qd2 c5 9. d5 b5 10. cxb5 Qa5 11. bxa6 Nbd7 12. Nf3 Bxa6 13. O-O Nxe4 14. Nxe4 Qxd2 15. Nfxd2 Bxe2 16. Bxe7 Rfb8 17. Bxd6 Rxb2 18. Rfe1 Bd3 19. Nf3 Rb6 20. Nxc5 Rxd6 21. Nxd3 Bxa1 22. Rxa1 Rxd5 23. Nb4 Rb5 24. Nc6 Rb2 25. a4 Ra6 26. Nfd4 Nc5 27. Rc1 Nd3 28. Ra1 Nc5 29. Rc1 Nb3 30. Nxb3 Rxb3 31. Rc4 Rb7 32. Nd4 Rb1+ 33. Kh2 Ra1 34. Rc8+ Kg7 35. Rc7 R1xa4 36. Nf3 Ra7 37. Rc5 Rf4 38. Rc2 Ra1 39. Kg3 Rfa4 40. Rc7 Rg4+ 41. Kh2 Ra2 42. Kg1 Rb4 43. Rc1 Rba4 44. g3 Ra1 45. Rxa1 Rxa1+ 46. Kg2 Kf6 47. Ng5 Ra7 48. Nh3 Kf5 49. Ng5 f6 50. Nh3 Ra4 51. Ng1 Ke4 52. Nh3 Kf5 53. Ng1 g5 54. hxg5 fxg5 55. Nf3 g4 56. Nh4+ Ke4 57. Ng6 Ra2 58. Kf1 Ra6 59. Nh4 Kd3 60. Nf5 Kd2 61. Ng7 Ra5 62. Ne6 Ra1+ 63. Kg2 Ke1 64. Nf4 Rd1 65. Nxh5 Rd2 66. Nf4 Rxf2+ 67. Kg1 Rc2 68. Nd3+ Ke2 69. Ne5 Rc5 70. Nxg4 Rg5 71. Nh6 Rxg3+ 72. Kh2 Rg5 73. Nf7 Rf5 74. Nd6 Rf4 75. Kg2 Kd3 76. Kg3 Rf6 77. Ne8 Re6 78. Nc7 Re5 79. Kf4 Kd4 80. Na6 Re7 81. Nb4 Rf7+ 82. Kg5 Rc7 83. Na6 Rb7 84. Kf5 Kc4 0-1

[Event "CIS Master Groups 2024"]
[Site "Vasto"]
[Date "2024.04.13"]
[Round "9.2"]
[White "Brunello, Sabino"]
[Black "Basso, Pier Luigi"]
[Result "1/2-1/2"]
[ECO "D14"]
[WhiteElo "2515"]
[BlackElo "2507"]
[Annotator "RC"]
[PlyCount "43"]
[EventDate "2024.04.07"]
[EventType "team-tourn"]
[EventCountry "ITA"]
[SourceTitle "playchess.com"]
[Source "ChessBase"]
[SourceQuality "1"]
[TimeControl "40/5400+30:900+30"]

1. c4 c6 2. d4 d5 3. Nc3 Nf6 4. cxd5 cxd5 5. Bf4 Nc6 6. e3 Bf5 7. Nf3 e6 8. Rc1 Bb4 9. Bb5 O-O 10. Bxc6 bxc6 11. O-O Rc8 12. Na4 Bg4 13. Bg5 Be7 14. Bxf6 Bxf6 15. h3 Bxf3 16. Qxf3 Qa5 17. b3 Be7 18. Rc2 Rc7 19. Qe2 c5 20. Rfc1 Rfc8 21. dxc5 Bxc5 22. Rxc5 1/2-1/2

[Event "CIS Master Groups 2024"]
[Site "Vasto"]
[Date "2024.04.13"]
[Round "9.3"]
[White "Di Benedetto, Edoardo"]
[Black "Dvirnyy, Danyyil"]
[Result "1/2-1/2"]
[ECO "E65"]
[WhiteElo "2400"]
[BlackElo "2480"]
[Annotator "RC"]
[PlyCount "49"]
[EventDate "2024.04.07"]
[EventType "team-tourn"]
[EventCountry "ITA"]
[SourceTitle "playchess.com"]
[Source "ChessBase"]
[SourceQuality "1"]
[TimeControl "40/5400+30:900+30"]

1. d4 Nf6 2. Nf3 g6 3. g3 Bg7 4. Bg2 O-O 5. c4 d6 6. Nc3 c5 7. O-O Nc6 8. dxc5 dxc5 9. Be3 Be6 10. Qa4 Nd4 11. Bxd4 cxd4 12. Nb5 Bd7 13. Qb3 Bxb5 14. Qxb5 Rb8 15. Rad1 Ne8 16. Qa4 Qb6 17. b4 Nc7 18. c5 Qb5 19. Qb3 a5 20. Nxd4 Qxb4 21. Qxb4 axb4 22. Nb3 Rfc8 23. Na5 Ne6 24. Nxb7 Nxc5 25. Nxc5 1/2-1/2

[Event "CIS Master Groups 2024"]
[Site "Vasto"]
[Date "2024.04.13"]
[Round "9.4"]
[White "Gilevych, Artem"]
[Black "Ladron De Guevara Pinto, Paolo"]
[Result "1-0"]
[ECO "D35"]
[WhiteElo "2417"]
[BlackElo "2394"]
[Annotator "RC"]
[PlyCount "67"]
[EventDate "2024.04.07"]
[EventType "team-tourn"]
[EventCountry "ITA"]
[SourceTitle "playchess.com"]
[Source "ChessBase"]
[SourceQuality "1"]
[TimeControl "40/5400+30:900+30"]

1. d4 Nf6 2. c4 e6 3. Bf4 d5 4. cxd5 exd5 5. Nc3 Bd6 6. Bxd6 Qxd6 7. e3 O-O 8. Bd3 c6 9. Nge2 Re8 10. Qd2 Nbd7 11. O-O Nf8 12. Rae1 Bg4 13. f3 Bh5 14. h3 Bg6 15. Nf4 Bxd3 16. Nxd3 N8d7 17. Qf2 Nh5 18. g4 Ng3 19. Qh2 Qb8 20. Rf2 h5 21. Rd2 h4 22. Qf2 Qd6 23. Ne2 Qh6 24. Ndf4 Nxe2+ 25. Rdxe2 Re7 26. Ng2 g5 27. e4 dxe4 28. Ne3 Qf6 29. Nf5 Re6 30. fxe4 c5 31. e5 Qg6 32. d5 Ree8 33. e6 Nf6 34. exf7+ 1-0

[Event "CIS Master Groups 2024"]
[Site "Vasto"]
[Date "2024.04.13"]
[Round "9.5"]
[White "Shevchenko, Kirill"]
[Black "Fier, Alexandr"]
[Result "1/2-1/2"]
[ECO "B23"]
[WhiteElo "2675"]
[BlackElo "2566"]
[Annotator "TA"]
[PlyCount "40"]
[EventDate "2024.04.07"]
[EventType "team-tourn"]
[EventCountry "ITA"]
[SourceTitle "playchess.com"]
[Source "ChessBase"]
[SourceQuality "1"]
[TimeControl "40/5400+30:900+30"]

1. e4 c5 2. Nc3 Nc6 3. Bb5 Nd4 4. Nf3 Nxb5 5. Nxb5 d6 6. d4 Nf6 7. Qd3 {[%emt 0:00:23] White wants to play dxc5.} a6 8. Nc3 {[%emt 0:00:22] Threatening dxc5.} cxd4 9. Nxd4 e5 10. Nf5 h6 {[%emt 0:00:21] Prevents Bg5.} 11. Ne3 Be6 12. O-O Rc8 13. Ncd5 Nxd5 14. Nxd5 Bxd5 15. Qxd5 Qd7 16. c4 Qc6 {[%emt 0:00:30] The position is equal.} 17. Be3 Qxd5 18. cxd5 Be7 19. Rfc1 Kd7 20. Kf1 Bg5 {[%emt 0:00:39] A rather calm draw.   Weighted Error Value: White=0.05 (flawless) /Black=0.02 (flawless) .  OK:         	White=7     	Black=9} 1/2-1/2

[Event "CIS Master Groups 2024"]
[Site "Vasto"]
[Date "2024.04.13"]
[Round "9.6"]
[White "Iermito, Sebastian"]
[Black "Lodici, Lorenzo"]
[Result "1/2-1/2"]
[ECO "A07"]
[WhiteElo "2511"]
[BlackElo "2565"]
[Annotator "RC"]
[PlyCount "39"]
[EventDate "2024.04.07"]
[EventType "team-tourn"]
[EventCountry "ITA"]
[SourceTitle "playchess.com"]
[Source "ChessBase"]
[SourceQuality "1"]
[TimeControl "40/5400+30:900+30"]

1. Nf3 d5 2. g3 c6 3. Bg2 Bf5 4. O-O e6 5. d3 h6 6. c4 dxc4 7. d4 Nd7 8. Nbd2 Nb6 9. Ne5 Qxd4 10. Ndxc4 Qxd1 11. Rxd1 f6 12. Nxb6 axb6 13. Nxc6 e5 14. Bd2 Bc5 15. Nb4 O-O-O 16. Nd5 Be6 17. Nc3 Ne7 18. Na4 Nc6 19. Nxc5 bxc5 20. Bxc6 1/2-1/2

[Event "CIS Master Groups 2024"]
[Site "Vasto"]
[Date "2024.04.13"]
[Round "9.7"]
[White "Barp, Alberto"]
[Black "Godena, Michele"]
[Result "1/2-1/2"]
[ECO "D25"]
[WhiteElo "2470"]
[BlackElo "2429"]
[Annotator "RC"]
[PlyCount "68"]
[EventDate "2024.04.07"]
[EventType "team-tourn"]
[EventCountry "ITA"]
[SourceTitle "playchess.com"]
[Source "ChessBase"]
[SourceQuality "1"]
[TimeControl "40/5400+30:900+30"]

1. d4 d5 2. c4 dxc4 3. Nf3 Nf6 4. e3 Be6 5. Nc3 h6 6. Ne5 c5 7. Qa4+ Nbd7 8. Bxc4 Bxc4 9. Nxc4 e6 10. O-O a6 11. Qd1 b5 12. Ne5 Bd6 13. Nxd7 Qxd7 14. Qf3 O-O 15. dxc5 Bxc5 16. e4 Qe7 17. e5 Nd7 18. Qg3 Bd4 19. Re1 Kh8 20. Re4 Bxc3 21. bxc3 f5 22. exf6 Nxf6 23. Re1 Rac8 24. Qh3 Qf7 25. Ba3 Rfd8 26. Qxe6 Qxe6 27. Rxe6 Rxc3 28. Bb2 Rc2 29. Bxf6 gxf6 30. Rxa6 Kg7 31. Rf1 Rdd2 32. a4 b4 33. Rb6 Rb2 34. a5 Rd3 1/2-1/2

[Event "CIS Master Groups 2024"]
[Site "Vasto"]
[Date "2024.04.13"]
[Round "9.8"]
[White "Bellia, Fabrizio"]
[Black "Cappelletto, Joshuaede"]
[Result "0-1"]
[ECO "B92"]
[WhiteElo "2384"]
[BlackElo "2306"]
[Annotator "RC"]
[PlyCount "176"]
[EventDate "2024.04.07"]
[EventType "team-tourn"]
[EventCountry "ITA"]
[SourceTitle "playchess.com"]
[Source "ChessBase"]
[SourceQuality "1"]
[TimeControl "40/5400+30:900+30"]

1. e4 c5 2. Nf3 d6 3. d4 cxd4 4. Nxd4 Nf6 5. Nc3 a6 6. Be2 e5 7. Nb3 Be7 8. O-O O-O 9. Be3 Be6 10. Nd5 Nbd7 11. Qd3 Bxd5 12. exd5 Ne8 13. a4 f5 14. f4 g6 15. Kh1 Nef6 16. a5 Rc8 17. c4 Ne4 18. g4 exf4 19. Bxf4 Ndc5 20. Nxc5 Nxc5 21. Qg3 Qd7 22. Rae1 Ne4 23. Qg2 Bh4 24. Rd1 Rce8 25. Bh6 Rf6 26. Bc1 Qe7 27. g5 Bxg5 28. Bxg5 Nxg5 29. Qxg5 Qxe2 30. Qxf6 Qe4+ 31. Kg1 Qg4+ 32. Kh1 Qe4+ 33. Kg1 Qg4+ 34. Kh1 Re2 35. Rf2 Rxf2 36. Qd8+ Kg7 37. Qe7+ Kh6 38. Qe3+ f4 39. Qxf2 Qxd1+ 40. Kg2 g5 41. h3 Qd3 42. Qe1 Qc2+ 43. Kg1 Qxb2 44. Qe6+ Kh5 45. Qg4+ Kg6 46. Qe6+ Qf6 47. Qe4+ Qf5 48. Qe8+ Kh6 49. Qe7 Qg6 50. Kf2 Qc2+ 51. Kf3 Qd1+ 52. Kf2 Qd4+ 53. Kf3 Qd1+ 54. Kf2 Qd2+ 55. Kf3 Qd3+ 56. Kg4 Qg3+ 57. Kf5 Qxh3+ 58. Kf6 Qc3+ 59. Ke6 Qe3+ 60. Kxd6 Qxe7+ 61. Kxe7 f3 62. d6 f2 63. d7 f1=Q 64. d8=Q Qe2+ 65. Kf8 Qe6 66. Qb6 Qxb6 67. axb6 g4 68. c5 g3 69. c6 g2 70. c7 g1=Q 71. c8=Q Qg7+ 72. Ke8 Qg8+ 73. Kd7 Qd5+ 74. Ke8 Qb5+ 75. Kf7 Qxb6 76. Qc1+ Kh5 77. Qd1+ Kg5 78. Qd5+ Kf4 79. Qd2+ Ke4 80. Qg2+ Ke5 81. Qg3+ Kd5 82. Qf3+ Kd6 83. Qf4+ Kd7 84. Qf5+ Kd8 85. Qd3+ Kc8 86. Qf5+ Kb8 87. Qf3 a5 88. Ke8 Qc6+ 0-1

[Event "CIS Master Groups 2024"]
[Site "Vasto"]
[Date "2024.04.13"]
[Round "9.17"]
[White "Mastrovasilis, Dimitrios"]
[Black "Favaloro, Andrea"]
[Result "1/2-1/2"]
[ECO "C68"]
[WhiteElo "2576"]
[BlackElo "2412"]
[Annotator "RC"]
[PlyCount "70"]
[EventDate "2024.04.07"]
[EventType "team-tourn"]
[EventCountry "ITA"]
[SourceTitle "playchess.com"]
[Source "ChessBase"]
[SourceQuality "1"]
[TimeControl "40/5400+30:900+30"]

1. e4 e5 2. Nf3 Nc6 3. Bb5 a6 4. Bxc6 dxc6 5. Nc3 f6 6. d4 exd4 7. Nxd4 c5 8. Nde2 Qxd1+ 9. Nxd1 Be6 10. Bf4 O-O-O 11. Ne3 Ne7 12. f3 g5 13. Bg3 Bg7 14. h4 f5 15. hxg5 fxe4 16. c3 exf3 17. gxf3 Nd5 18. Nxd5 Bxd5 19. Kf2 Bc4 20. Bf4 Rhe8 21. Ng3 Be5 22. Bxe5 Rxe5 23. Ne4 Bd3 24. Rae1 Bxe4 25. Rxe4 Rxg5 26. Rxh7 Rdg8 27. b3 Rg2+ 28. Ke3 R8g7 29. Rxg7 Rxg7 30. Rg4 Rh7 31. Rg2 Re7+ 32. Kf4 Rf7+ 33. Ke4 Re7+ 34. Kf4 Rf7+ 35. Ke4 Re7+ 1/2-1/2

[Event "CIS Master Groups 2024"]
[Site "Vasto"]
[Date "2024.04.13"]
[Round "9.18"]
[White "Iturrizaga Bonelli, Eduardo"]
[Black "David, Alberto"]
[Result "1/2-1/2"]
[ECO "A55"]
[WhiteElo "2589"]
[BlackElo "2512"]
[Annotator "RC"]
[PlyCount "76"]
[EventDate "2024.04.07"]
[EventType "team-tourn"]
[EventCountry "ITA"]
[SourceTitle "playchess.com"]
[Source "ChessBase"]
[SourceQuality "1"]
[TimeControl "40/5400+30:900+30"]

1. c4 e5 2. g3 c6 3. Nf3 d6 4. Nc3 Nf6 5. Bg2 Nbd7 6. O-O Be7 7. e4 a6 8. d4 O-O 9. h3 b5 10. c5 Bb7 11. cxd6 Bxd6 12. Qc2 c5 13. dxe5 Nxe5 14. Rd1 Qc7 15. Nh4 Nc6 16. Nf5 Nd4 17. Nxd4 cxd4 18. Rxd4 Be5 19. Bf4 Bxf4 20. gxf4 Qxf4 21. Rad1 Rab8 22. Qd2 Qxd2 23. R1xd2 Rfe8 24. f4 Nh5 25. Ne2 g6 26. e5 Bxg2 27. Kxg2 f6 28. exf6 Nxf6 29. Ng3 Rb6 30. Rd6 Re6 31. Rd8+ Kf7 32. Kf3 Rbc6 33. f5 Re5 34. Kf4 Re1 35. R8d6 Rec1 36. b3 R1c5 37. Rd8 gxf5 38. Ra8 Nd5+ 1/2-1/2

[Event "CIS Master Groups 2024"]
[Site "Vasto"]
[Date "2024.04.13"]
[Round "9.19"]
[White "Altini, Nicola"]
[Black "Bifulco, Michel"]
[Result "1-0"]
[ECO "D02"]
[WhiteElo "2393"]
[BlackElo "2303"]
[Annotator "RC"]
[PlyCount "61"]
[EventDate "2024.04.07"]
[EventType "team-tourn"]
[EventCountry "ITA"]
[SourceTitle "playchess.com"]
[Source "ChessBase"]
[SourceQuality "1"]
[TimeControl "40/5400+30:900+30"]

1. d4 d5 2. Nf3 Nf6 3. Bf4 e6 4. e3 c5 5. c3 Nc6 6. Nbd2 Nh5 7. Be5 f6 8. Bg3 g6 9. Bh4 cxd4 10. exd4 Bd6 11. Bb5 O-O 12. O-O g5 13. Bg3 Nf4 14. c4 Qe7 15. Re1 Qf7 16. cxd5 exd5 17. Nf1 h5 18. h4 g4 19. N3h2 a6 20. Bxc6 bxc6 21. Qd2 Qc7 22. Ne3 Ng6 23. Nhf1 f5 24. Nxd5 cxd5 25. Qg5 Kg7 26. Rac1 Qd7 27. Bxd6 Qxd6 28. Ng3 Ra7 29. Rxc8 Qb4 30. Re6 Rxc8 31. Rxg6+ 1-0

[Event "CIS Master Groups 2024"]
[Site "Vasto"]
[Date "2024.04.13"]
[Round "9.20"]
[White "Bertagnolli, Alexander"]
[Black "Piscopo, Pierluigi"]
[Result "0-1"]
[ECO "B40"]
[WhiteElo "2333"]
[BlackElo "2312"]
[Annotator "RC"]
[PlyCount "62"]
[EventDate "2024.04.07"]
[EventType "team-tourn"]
[EventCountry "ITA"]
[SourceTitle "playchess.com"]
[Source "ChessBase"]
[SourceQuality "1"]
[TimeControl "40/5400+30:900+30"]

1. e4 c5 2. Nf3 e6 3. b3 b6 4. Bb2 Bb7 5. Qe2 Nf6 6. Nc3 Be7 7. g4 d5 8. exd5 Nxd5 9. Nxd5 Qxd5 10. Bg2 Nc6 11. O-O-O Bf6 12. Bxf6 gxf6 13. Qe3 O-O-O 14. h3 h5 15. Qf4 Rhg8 16. Qxf6 c4 17. Qc3 hxg4 18. hxg4 Rxg4 19. Rh2 Qc5 20. Bh1 Nb4 21. Kb1 Nd5 22. Qe5 cxb3 23. cxb3 Nc3+ 24. dxc3 Rxd1+ 25. Kc2 Rxh1 26. Rxh1 Bxf3 27. Rh8+ Kb7 28. Rb8+ Ka6 29. Qe1 Re4 30. Qc1 Qxf2+ 31. Kb1 Re1 0-1

[Event "CIS Master Groups 2024"]
[Site "Vasto"]
[Date "2024.04.13"]
[Round "9.21"]
[White "Jianu, Vlad-Cristian"]
[Black "Zwirs, Nico"]
[Result "1/2-1/2"]
[ECO "D02"]
[WhiteElo "2491"]
[BlackElo "2480"]
[Annotator "RC"]
[PlyCount "149"]
[EventDate "2024.04.07"]
[EventType "team-tourn"]
[EventCountry "ITA"]
[SourceTitle "playchess.com"]
[Source "ChessBase"]
[SourceQuality "1"]
[TimeControl "40/5400+30:900+30"]

1. d4 d5 2. Nf3 Nf6 3. g3 c5 4. Bg2 cxd4 5. O-O h6 6. Bf4 Qb6 7. Qxd4 Qxd4 8. Nxd4 Nc6 9. Nxc6 bxc6 10. c4 e6 11. Nc3 Ba6 12. cxd5 cxd5 13. Rfc1 Bb4 14. e3 Nd7 15. g4 O-O 16. a3 Be7 17. Rd1 Nb6 18. e4 dxe4 19. Bxe4 Rac8 20. Bd6 Rfe8 21. Bxe7 Rxe7 22. Rd6 Bb7 23. Rad1 Bxe4 24. Nxe4 Nd5 25. Nc3 Nxc3 26. Rd8+ Kh7 27. bxc3 Rxc3 28. R1d7 Rc7 29. Rxe7 Rxe7 30. Kg2 Rc7 31. Rd4 a5 32. f3 Rc3 33. Ra4 Rc5 34. Rd4 Kg6 35. Kg3 h5 36. h3 Kg5 37. h4+ Kg6 38. g5 f6 39. gxf6 gxf6 40. Rd6 e5 41. Ra6 Rc3 42. Rxa5 e4 43. Kf4 Rxf3+ 44. Kxe4 Rh3 45. a4 Rxh4+ 46. Kf3 Rh3+ 47. Kg2 Ra3 48. Ra8 h4 49. a5 Kg5 50. a6 h3+ 51. Kh2 Kf4 52. a7 f5 53. Kh1 Ra2 54. Rh8 Rxa7 55. Rxh3 Rg7 56. Ra3 Rg8 57. Kh2 Rg6 58. Ra4+ Kf3 59. Ra3+ Ke4 60. Ra4+ Ke5 61. Ra5+ Kf4 62. Ra4+ Kg5 63. Kg3 Rb6 64. Ra3 Rh6 65. Ra5 Rh1 66. Ra4 Rg1+ 67. Kf3 Rf1+ 68. Kg2 Rb1 69. Kf3 Rb3+ 70. Kf2 Rb2+ 71. Kf3 Rb3+ 72. Kf2 f4 73. Ra8 Rb2+ 74. Kf3 Rb3+ 75. Kf2 1/2-1/2

[Event "CIS Master Groups 2024"]
[Site "Vasto"]
[Date "2024.04.13"]
[Round "9.22"]
[White "Loiacono, Leonardo"]
[Black "Yao, Stefano"]
[Result "1/2-1/2"]
[ECO "C01"]
[WhiteElo "2309"]
[BlackElo "2289"]
[Annotator "RC"]
[PlyCount "75"]
[EventDate "2024.04.07"]
[EventType "team-tourn"]
[EventCountry "ITA"]
[SourceTitle "playchess.com"]
[Source "ChessBase"]
[SourceQuality "1"]
[TimeControl "40/5400+30:900+30"]

1. e4 e6 2. d4 d5 3. Nc3 Nf6 4. exd5 exd5 5. Bd3 c5 6. dxc5 Bxc5 7. Nf3 O-O 8. O-O h6 9. h3 Nc6 10. Bf4 Re8 11. Re1 Rxe1+ 12. Qxe1 Be6 13. Nb5 Nh5 14. Bh2 Rc8 15. Bg6 Nf6 16. Bd3 a6 17. Nc3 Bb4 18. a3 Ba5 19. Qe2 Bc7 20. Bxc7 Qxc7 21. Qd2 Rd8 22. Ne2 Qb6 23. b4 Ne4 24. Qe3 Qxe3 25. fxe3 Nd6 26. Ned4 Nxd4 27. Nxd4 Bd7 28. Kf2 Kf8 29. Ke1 Ke7 30. Kd2 g6 31. a4 Rc8 32. a5 Kf6 33. Rf1+ Ke7 34. Re1 Kf6 35. Rf1+ Ke7 36. Re1 Kf6 37. Rf1+ Ke7 38. Re1 1/2-1/2

[Event "CIS Master Groups 2024"]
[Site "Vasto"]
[Date "2024.04.13"]
[Round "9.23"]
[White "Tripodi, Enzo"]
[Black "Damia, Angelo"]
[Result "1-0"]
[ECO "B07"]
[WhiteElo "2152"]
[BlackElo "2234"]
[Annotator "RC"]
[PlyCount "67"]
[EventDate "2024.04.07"]
[EventType "team-tourn"]
[EventCountry "ITA"]
[SourceTitle "playchess.com"]
[Source "ChessBase"]
[SourceQuality "1"]
[TimeControl "40/5400+30:900+30"]

1. e4 d6 2. d4 Nf6 3. Nc3 c6 4. Nf3 Bg4 5. h3 Bh5 6. a4 Qc7 7. Be2 e5 8. Be3 Nbd7 9. O-O Be7 10. dxe5 dxe5 11. Nd2 Bg6 12. Bf3 O-O 13. Qe2 Bc5 14. Bg5 h6 15. Bh4 Nh7 16. Bg4 Ndf6 17. Bf5 Bd4 18. Qc4 Bxc3 19. Qxc3 Bxf5 20. exf5 Nd5 21. Qf3 Nf4 22. Ne4 g5 23. Bg3 Rfe8 24. h4 Qd7 25. hxg5 hxg5 26. Rad1 Qxf5 27. Nd6 Qxc2 28. Bxf4 exf4 29. Nxe8 Rxe8 30. b4 Qxa4 31. Qc3 Qb5 32. Rfe1 Rxe1+ 33. Rxe1 Nf8 34. Re5 1-0

[Event "CIS Master Groups 2024"]
[Site "Vasto"]
[Date "2024.04.13"]
[Round "9.24"]
[White "Stromboli, Carlo"]
[Black "Rotondaro, Alberto"]
[Result "1-0"]
[ECO "B50"]
[WhiteElo "2192"]
[BlackElo "2148"]
[Annotator "RC"]
[PlyCount "67"]
[EventDate "2024.04.07"]
[EventType "team-tourn"]
[EventCountry "ITA"]
[SourceTitle "playchess.com"]
[Source "ChessBase"]
[SourceQuality "1"]
[TimeControl "40/5400+30:900+30"]

1. e4 c5 2. Nf3 d6 3. c3 Nf6 4. e5 dxe5 5. Nxe5 Nbd7 6. Nxd7 Bxd7 7. Be2 Bc6 8. O-O e6 9. Na3 Bd6 10. Nc4 Bc7 11. d4 cxd4 12. cxd4 Qd5 13. Ne3 Qd6 14. g3 O-O-O 15. Bf3 Bxf3 16. Qxf3 Qxd4 17. a4 Qe4 18. Qe2 h5 19. Ra3 h4 20. f3 Qb4 21. g4 Kb8 22. Nc2 Qd6 23. a5 Nd5 24. Ra4 Qc5+ 25. Kh1 Bxa5 26. b4 Bxb4 27. Nxb4 Nc3 28. Nd3 Qb5 29. Bf4+ Ka8 30. Rxa7+ Kxa7 31. Ra1+ Na4 32. Qc2 Qxd3 33. Rxa4+ Qa6 34. Qc5+ 1-0